 Dungeon Crawl Stone Soup version 0.30.1-3-gfc49f6343a (webtiles) character file.

Game seed: 13954368665882525706

9373 hawla the Thaumaturge (level 12, -5/92 HPs)
             Began as a Meteoran Fire Elementalist on July 19, 2023.
             Was a Believer of Vehumet.
             Slain by a torpor snail (16 damage)
             ... on level 1 of the Lair of Beasts on July 22, 2023.
             The game lasted 00:20:17 (5547 turns).

hawla the Thaumaturge (Meteoran Fire Elementalist)  Turns: 5547, Time: 00:20:18

Health: -5/92      AC:  8    Str:  9    XL:     12   Next: 4%
Magic:  19/29      EV: 16    Int: 22    God:    Vehumet [**....]
Gold:   217        SH:  0    Dex: 22    Spells: 25/36 levels left

rFire   . . .        x - +4 mace
rCold   . . .        (no shield)
rNeg    . . .        v - +0 steam dragon scales
rPois   +            j - +0 helmet
rElec   .            (no cloak)
rCorr   .            c - +0 pair of gloves
SInv    .            w - +0 pair of boots
Will    +....        a - amulet of magic regeneration
Stlth   +            d - ring of poison resistance
HPRegen 0.35/turn    q - +6 ring of dexterity
MPRegen 0.61/turn

%: no passive effects
@: hasted and slowed, glowing
A: sense surroundings 2, otherworldly, glowing, explore regen
a: Renounce Religion


You were on level 1 of the Lair of Beasts.
You worshipped Vehumet.
Vehumet was pleased with you.
You visited 3 branches of the dungeon, and saw 11 of its levels.
You also visited: Sewer.

You collected 327 gold pieces.
You spent 110 gold pieces at shops.

Inventory:

Hand Weapons
 u - a +1 long sword of flaming
 x - a +4 mace (weapon)
Armour
 c - a +0 pair of gloves (worn)
 j - a +0 helmet (worn)
 v - +0 steam dragon scales (worn)
 w - a +0 pair of boots (worn)
Jewellery
 a - an amulet of magic regeneration (around neck)
 d - a ring of poison resistance (left hand)
 q - a +6 ring of dexterity (right hand)
Wands
 l - a wand of paralysis (15)
 y - a wand of polymorph (4)
 B - a wand of iceblast (5)
Scrolls
 f - 4 scrolls of magic mapping
 g - a scroll of butterflies
 i - a scroll of noise
 k - a scroll of blinking
 m - 7 scrolls of teleportation
 n - a scroll of fog
 p - a scroll of torment
 r - a scroll of fear
 t - a scroll of silence {unknown}
 z - a scroll of poison {unknown}
 A - a scroll of identify
Potions
 b - 2 potions of magic
 h - a potion of cancellation {unknown}
 o - 2 potions of curing
 s - a potion of mutation


   Skills:
 + Level 4.3 Fighting
 + Level 1.5 Long Blades
 + Level 4.5 Maces & Flails
 + Level 6.2 Dodging
 - Level 1.4 Stealth
 + Level 12.9 Spellcasting
 + Level 7.6 Conjurations
 + Level 11.5 Fire Magic
 + Level 3.6 Poison Magic
 + Level 3.0 Evocations


You had 25 spell levels left.
You knew the following spells:

 Your Spells              Type           Power      Damage    Failure   Level
a - Foxfire               Conj/Fire      100%       2x1d9     1%          1
b - Scorch                Fire           100%       2d9       1%          2
c - Flame Wave            Conj/Fire      54%        2d13      1%          4
d - Olgreb's Toxic Radia  Pois           30%        N/A       10%         4

Your spell library contained the following spells:

 Spells                   Type           Power      Damage    Failure   Level
 Poisonous Vapours        Pois/Air       44%        N/A       3%          2
 Inner Flame              Hex/Fire       39%        N/A       1%          3
 Volatile Blastmotes      Fire/Tloc      78%        2d16      1%          3
 Hailstorm                Conj/Ice       30%        3d8       2%          3
 Stone Arrow              Conj/Erth      60%        3d10      2%          3
 Freeze                   Ice            56%        1d7       4%          1
 Sandblast                Erth           28%        2d8       4%          1
 Slow                     Hex            56%        N/A       4%          1
 Passwall                 Tmut/Erth      11%        N/A       7%          2
 Confusing Touch          Hex            14%        N/A       14%         3
 Frozen Ramparts          Ice            28%        1d5       14%         3
 Vampiric Draining        Necr           14%        2d7       14%         3
 Petrify                  Tmut/Erth      14%        N/A       41%         4
 Iron Shot                Conj/Erth      15%        9d4       82%         6
 Ignition                 Fire           30%        3d10      95%         8
 Discord                  Hex            7%         N/A       100%        8
 Shatter                  Erth           7%         3d9*      100%        9


Dungeon Overview and Level Annotations

Branches:
Dungeon (9/15) Zot: 546    Temple (1/1) D:7 Zot: 537    Lair (1/5) D:9 Zot: 409
  Sewer (visited)
    Orc: D:9-12

Altars:
Cheibriados
Makhleb
Nemelex Xobeh
Qazlal
Sif Muna
Vehumet
Wu Jian
Xom
The Shining One

Shops:
D:3 =   D:6 ([?[[   D:9 (

Annotations:
Lair:1 Xaytacwe's ghost, journeyman GnNe


Innate Abilities, Weirdness & Mutations

You passively map the area around you.
You are easily found by Zot.
You glow in the dark.
You regain HP and MP as you explore.


Message History

You feel your power returning.
Your toxic aura wanes.
The yak gores you! The water moccasin barely misses you.
The water moccasin completely misses you.
You have reached level 12!
You feel agile.
A wave of flame ripples out!
The flame wave engulfs the water moccasin!!
You kill the water moccasin!
Vehumet accepts your kill.
You feel your power returning.
The flame wave engulfs the torpor snail!
The torpor snail is heavily wounded.
The flame wave engulfs the yak!
You kill the yak!
Vehumet accepts your kill.
A wave of flame ripples out!
The flame wave engulfs the torpor snail.
The torpor snail is severely wounded.
You finish channelling waves of flame.
The torpor snail bites you!
* * * LOW HITPOINT WARNING * * *
The torpor snail bites you but does no damage.
Unknown command.
Casting: Flame Wave (mildly dangerous; 1% risk of failure)
Confirm with . or Enter, or press ? or * to list all spells.
Flames lash the torpor snail.
The torpor snail is severely wounded.
The torpor snail's fire resistance burns away.
The torpor snail bites you but does no damage.
Your magical contamination has completely faded away.
Casting: Scorch (safe; 1% risk of failure)
Confirm with . or Enter, or press ? or * to list all spells.
Flames lash the torpor snail but do no damage.
The torpor snail bites you!
* * * LOW HITPOINT WARNING * * *
Unknown command.
You feel yourself speed up.
The torpor snail is no longer more vulnerable to fire.
The torpor snail bites you!
You die...

*
....Yl#....###...........
8,!YFW8##....###..........
######..................
,.©.........####..#......
,........#..# ####...... ,
........#..# ..... *
...........# ....
...........# , , ,
........@.## , , * *
......#w†.#* * * , ,, ,
,.....##†8.+ , ,, , .....
...## ,, , , *.### ,...#,
, ,, ...#., , , ,,,, **
,,..##. , , , ,. , , ...*
.. , , ,.... , ,* * * ,,
.....


You could see a torpor snail (poisoned), a yak (wandering), a bullfrog and
Xaytacwe's ghost.

Vanquished Creatures
  The ghost of superradish the Covert, a novice DsBr of Dithmenos (D:8)
  2 cane toads (Lair:1)
  Maggie (D:8)
  A hornet (D:8)
  2 wyverns
  A ynoxinul (D:8)
  23 yaks
  A steam dragon (D:6)
  3 water moccasins
  An ice beast (D:5)
  6 orc warriors
  3 sky beasts
  A black bear (D:5)
  2 ogres
  2 phantoms (D:6)
  3 kobold brigands
  2 wyvern zombies (D:6)
  4 bullfrogs
  A gnoll sergeant (D:8)
  A scorpion (D:6)
  3 wights (D:8)
  4 killer bees (D:7)
  2 howler monkeys
  A centaur zombie (D:6)
  A gnoll bouda (D:7)
  A bullfrog zombie (D:6)
  2 hounds
  5 orc priests
  2 jellies
  2 bullfrog skeletons (D:6)
  Natasha (twice) (D:4)
  2 iguanas (D:5)
  12 orc wizards
  A killer bee zombie (D:6)
  A howler monkey skeleton (D:6)
  7 gnolls
  2 river rats (Sewer)
  8 adders
  2 shadow imps
  3 white imps
  3 ufetubi
  3 worms (D:3)
  A dart slug (D:5)
  38 orcs
  2 endoplasms (D:2)
  A giant cockroach (D:4)
  11 goblins
  3 hobgoblins
  2 jackals (Sewer)
  15 kobolds
  A quokka (D:5)
  6 ball pythons
  A bat (D:2)
  4 frilled lizards (Sewer)
  6 rats
221 creatures vanquished.

Vanquished Creatures (collateral kills)
  7 foxfires (Sewer)
7 creatures vanquished.

Vanquished Creatures (others)
  177 foxfires
177 creatures vanquished.

Grand Total: 405 creatures vanquished

Notes
Turn   | Place    | Note
-------+----------+-------------------------------------------
     0 | D:1      | hawla the Meteoran Fire Elementalist began the quest for
                  | the Orb.
     0 | D:1      | Reached XP level 1. HP: 14/14 MP: 5/5
    59 | D:2      | Reached XP level 2. HP: 18/20 MP: 3/6
   158 | D:3      | Found Exuus's Jewellery Shoppe.
   180 | D:3      | Reached skill level 3 in Spellcasting
   180 | D:3      | Reached XP level 3. HP: 26/26 MP: 3/8
   183 | D:3      | Learned a level 2 spell: Scorch
   217 | D:3      | Reached XP level 4. HP: 33/33 MP: 4/9
   254 | D:3      | Reached skill level 5 in Fire Magic
   261 | D:3      | Learned a level 4 spell: Flame Wave
   528 | D:3      | Found a glowing drain.
   544 | Sewer    | Entered a sewer
   558 | Sewer    | Reached XP level 5. HP: 33/38 MP: 4/11
   584 | Sewer    | Noticed a kobold brigand
   591 | Sewer    | Killed a kobold brigand
   592 | Sewer    | Reached XP level 6. HP: 45/45 MP: 1/12
   621 | Sewer    | Reached skill level 5 in Conjurations
   692 | Sewer    | Reached skill level 4 in Spellcasting
   940 | Sewer    | Glimpsed the power of Zot.
   985 | Sewer    | Glimpsed the power of Zot.
  1202 | D:4      | Reached XP level 7. HP: 44/50 MP: 8/14
  1290 | D:4      | Noticed Natasha
  1295 | D:4      | Killed Natasha
  1508 | D:4      | Noticed Natasha
  1511 | D:4      | Killed Natasha
  1596 | D:5      | Entered Level 5 of the Dungeon
  1662 | D:5      | Reached skill level 1 in Maces & Flails
  1718 | D:5      | Found a shimmering altar of Xom.
  1767 | D:5      | Reached skill level 5 in Spellcasting
  1840 | D:5      | Reached skill level 1 in Fighting
  1840 | D:5      | Reached XP level 8. HP: 52/59 MP: 3/16
  2266 | D:5      | Reached skill level 6 in Spellcasting
  2700 | D:6      | Found Pelah's Armour Emporium.
  2851 | D:6      | Noticed a steam dragon
  2857 | D:6      | Killed a steam dragon
  2915 | D:6      | Found Keahim's Magic Scroll Emporium.
  2930 | D:6      | Gained mutation: You passively map the area around you.
                  | [Meteoran growth]
  2930 | D:6      | Reached XP level 9. HP: 66/66 MP: 4/20
  2931 | D:6      | Reached skill level 7 in Spellcasting
  2938 | D:6      | Bought a scroll of teleportation for 33 gold pieces
  2938 | D:6      | Bought a scroll of identify for 22 gold pieces
  2938 | D:6      | Bought a scroll of teleportation for 33 gold pieces
  2938 | D:6      | Bought a scroll of identify for 22 gold pieces
  3036 | D:6      | Found Tomebaur's Antique Weapon Shoppe.
  3094 | D:6      | Found Vurchosett's Armour Shoppe.
  3098 | D:6      | Reached skill level 8 in Spellcasting
  3527 | D:6      | Found Ruonu's Antique Armour Shoppe.
  3569 | D:7      | Reached XP level 10. HP: 45/73 MP: 12/23
  3574 | D:7      | Reached skill level 9 in Spellcasting
  3689 | D:7      | Found a staircase to the Ecumenical Temple.
  3703 | Temple   | Entered the Ecumenical Temple
  3748 | Temple   | Became a worshipper of Vehumet
  3904 | D:8      | Paralysed by a hornet for 1 turns
  3906 | D:8      | Reached skill level 10 in Spellcasting
  3906 | D:8      | Reached skill level 10 in Fire Magic
  4008 | D:8      | Found a runed translucent door.
  4009 | D:8      | Noticed superradish's ghost (novice DsBr)
  4021 | D:8      | Noticed Maggie
  4029 | D:8      | Killed Maggie
  4030 | D:8      | Reached skill level 11 in Spellcasting
  4241 | D:8      | Reached * piety under Vehumet
  4241 | D:8      | Offered knowledge of Magic Dart by Vehumet.
  4370 | D:8      | Reached XP level 11. HP: 45/81 MP: 20/27
  4371 | D:8      | Reached skill level 5 in Dodging
  4606 | D:8      | Killed superradish's ghost
  4618 | D:8      | Got the Catalogue of the Gargoyle
  4624 | D:8      | Learned a level 4 spell: Olgreb's Toxic Radiance
  4758 | D:9      | Reached skill level 1 in Poison Magic
  4758 | D:9      | Reached skill level 1 in Evocations
  4922 | D:9      | Found Xeckesm's Weapon Boutique.
  4929 | D:9      | Reached skill level 1 in Long Blades
  4956 | D:9      | Reached skill level 12 in Spellcasting
  5048 | D:9      | Reached ** piety under Vehumet
  5048 | D:9      | Offered knowledge of Poisonous Vapours by Vehumet.
  5068 | D:9      | Found a staircase to the Lair.
  5364 | Lair:1   | Entered Level 1 of the Lair of Beasts
  5521 | Lair:1   | Noticed a skyshark
  5524 | Lair:1   | Noticed an elephant
  5524 | Lair:1   | Noticed a black mamba
  5524 | Lair:1   | Noticed Xaytacwe's ghost (journeyman GnNe)
  5534 | Lair:1   | Noticed a torpor snail
  5543 | Lair:1   | Reached XP level 12. HP: 35/91 MP: 18/29
  5547 | Lair:1   | Slain by a torpor snail

Illustrated notes

Levels and vault maps discovered:
D:1:      saegor_arrival_simple_d, layout_loops_ring,
          shapermc_ecumenical_altar_mp_urbaneastern
D:2:      layout_basic
D:3:      layout_rooms, serial_shops, nicolae_shop_tiny_statue_garden,
          cheibrodos_sewer_entry_bend
D:4:      layout_basic, uniq_natasha
D:5:      layout_layer_cave, xom_teletrap_fun, hellmonk_bongcloud_opening
D:6:      layout_basic, serial_shops, shop, nicolae_shop_scrapyard, shop,
          nicolae_shop_hallway_stairs, nicolae_shop_statue_plus, serial_undead,
          serial_undead_e, serial_undead_c, serial_undead_e, serial_undead_e,
          serial_undead_b, serial_undead_f, serial_undead_d, serial_undead_d,
          minmay_ogre_servants
D:7:      layout_basic, minmay_temple_entry_slanted, hangedman_decor_push,
          hangedman_abyss_or_decor_stagger
D:8:      layout_loops_ring, hellmonk_ghost_big_iron,
          kennysheep_generic_room_12, uniq_maggie
D:9:      layout_irregular_city, lair_entry_dummy, serial_shops, shop
Temple:   minmay_crystal_snake_temple
Lair:1:   layout_gridlike, gammafunk_ghost_arena, grunt_megastairs_4

Skill      XL: |  1  2  3  4  5  6  7  8  9 10 11 |
---------------+----------------------------------+-----
Fire Magic     | 4 5 7 8 10 11 | 11.5
Spellcasting   | 3 4 5 6 8 11 12 | 12.9
Conjurations   | 2 4 5 6 7 |  7.6
Dodging        | 3 4 6 |  6.2
Maces & Flails | 2 3 4 |  4.5
Fighting       | 1 2 4 |  4.3
Poison Magic   | 3 |  3.6
Evocations     | 3 |  3.0
Long Blades    | 1 |  1.5
Stealth        | |  1.4

Action                     |  1- 3 |  4- 6 |  7- 9 | 10-12 || total
---------------------------+-------+-------+-------+-------++-------
  Melee: Unarmed           |     1 |       |       |       ||     1
         Mace              |     2 |     6 |       |     3 ||    11
         Flail             |       |     1 |    26 |    16 ||    43
         Punch             |       |       |     1 |     1 ||     2
         Long sword        |       |       |       |    55 ||    55
   Cast: Foxfire           |    13 |    27 |    31 |    35 ||   106
         Scorch            |     2 |    18 |    40 |    56 ||   116
         Flame Wave        |       |     4 |    18 |    32 ||    54
         Olgreb's Toxic Ra |       |       |       |     4 ||     4
    Use: Scroll            |       |     1 |       |     7 ||     8
         Potion            |       |       |     2 |     2 ||     4
 Armour: Robe              |       |     3 |    18 |     3 ||    24
         Steam dragon scal |       |       |       |    67 ||    67
  Dodge: Dodged            |     4 |     8 |    52 |    98 ||   162
